 Dungeon Crawl Stone Soup version 0.31-a0-771-g505c3d19dc (webtiles) character file.

Game seed: 1745504558740734836

420 randomguy2701 the Shield-Bearer (level 6, 0/46 (53) HPs)
             Began as a Gnoll Fighter on Sept 16, 2023.
             Slain by a wight
             ... wielding a +2 scimitar of freezing
              (1 damage)
             ... on level 3 of the Dungeon.
             The game lasted 00:04:36 (2712 turns).

randomguy2701 the Shield-Bearer (Gnoll Fighter)     Turns: 2712, Time: 00:04:36

HP:   0/46 (53)     AC: 11    Str: 20    XL:     6   Next: 94%
MP:   9/9           EV: 11    Int:  8    God:
Gold: 200           SH:  5    Dex: 13    Spells: 9/9 levels left

rFire   . . .        u - +0 rapier "Dragonslayer" {flame, +Blink Will++}
rCold   . . .        c - +0 buckler
rNeg    . . .        k - +3 leather armour of Light {Regen+ Str+5}
rPois   .            y - +2 helmet
rElec   .            (no cloak)
rCorr   +            (no gloves)
SInv    .            z - +0 pair of boots
Will    ++...        (no amulet)
Stlth   ++           h - ring of resist corrosion
HPRegen 1.07/turn    (no ring)
MPRegen 0.11/turn

%: no passive effects
@: heavily drained
A: fangs 1, strong nose, distributed training
a: Evoke Blink


You were on level 3 of the Dungeon.
You visited 1 branch of the dungeon, and saw 4 of its levels.
You also visited: Sewer.

You collected 200 gold pieces.

Inventory:

Hand Weapons
 a - a +0 war axe
 u - the +0 rapier "Dragonslayer" (weapon) {flame, +Blink Will++}
   (You found it on level 3 of the Dungeon)

   Will++:    It greatly increases your willpower.
   +Blink:    It lets you blink.
Armour
 c - a +0 buckler (worn)
 k - the +3 leather armour of Light (worn) {Regen+ Str+5}
   (You found it on level 2 of the Dungeon)

   Str+5:     It affects your strength (+5).
   Regen+:    It increases your rate of health regeneration.
 y - a +2 helmet (worn)
 z - a +0 pair of boots (worn)
Jewellery
 h - a ring of resist corrosion (left hand)
Wands
 v - a wand of charming (8)
 w - a wand of digging (4)
Scrolls
 f - a scroll of vulnerability {unknown}
 g - 6 scrolls of identify {unknown}
 i - 3 scrolls of brand weapon {unknown}
 j - a scroll of revelation {unknown}
 l - a scroll of blinking {unknown}
 o - a scroll of poison {unknown}
 p - 2 scrolls of fog {unknown}
 r - 5 scrolls of teleportation {unknown}
 s - 3 scrolls of enchant weapon {unknown}
 t - a scroll of fear {unknown}
 x - a scroll of enchant armour {unknown}
Potions
 d - 3 potions of might
 e - 2 potions of heal wounds {unknown}
 m - 3 potions of brilliance {unknown}
 n - 2 potions of enlightenment {unknown}
 q - a potion of curing {unknown}


   Skills:
 + Level 6.9 Fighting
 + Level 2.2 Short Blades
 + Level 2.2 Long Blades
 + Level 5.1 Axes
 + Level 2.2 Maces & Flails
 + Level 2.2 Polearms
 + Level 2.2 Staves
 + Level 2.2 Ranged Weapons
 + Level 2.2 Throwing
 + Level 6.9 Armour
 + Level 2.2 Dodging
 + Level 2.2 Stealth
 + Level 6.9 Shields
 + Level 2.2 Unarmed Combat
 + Level 2.2 Spellcasting
 + Level 1.8 Conjurations
 + Level 1.8 Hexes
 + Level 1.8 Summonings
 + Level 1.8 Necromancy
 + Level 1.8 Translocations
 + Level 1.8 Transmutations
 + Level 1.8 Fire Magic
 + Level 1.8 Ice Magic
 + Level 1.8 Air Magic
 + Level 1.8 Earth Magic
 + Level 1.8 Poison Magic
 + Level 2.4 Invocations
 + Level 2.2 Evocations
 + Level 2.0 Shapeshifting


You had 9 spell levels left.
You didn't know any spells.
Your spell library contained the following spells:

 Spells                   Type           Power      Damage    Failure   Level
 Apportation              Tloc           6%         N/A       22%         1
 Jinxbite                 Hex            6%         N/A       34%         2
 Alistair's Intoxication  Tmut/Pois      2%         N/A       99%         5
 Conjure Ball Lightning   Conj/Air       1%         3x3d6     100%        6
 Discord                  Hex            1%         N/A       100%        8
 Disjunction              Tloc           1%         N/A       100%        8


Dungeon Overview and Level Annotations

Branches:
Dungeon (4/15)              Sewer (visited)
 Temple: D:4-7

Altars:
Ashenzari
Cheibriados
Elyvilon
Trog


Innate Abilities, Weirdness & Mutations

You have very sharp teeth.
Your uncanny sense of smell can sniff out nearby items.
Your experience applies equally to all skills.


Message History

You climb upwards.
There is a stone staircase leading down here.
You are too injured to fight recklessly!
HP restored.
Done exploring.
You climb downwards.
There is a stone staircase leading up here.
The wight hits you with a +2 scimitar of freezing!
You feel drained. The wight freezes you!
You climb upwards.
There is a stone staircase leading down here.
You hit the wight. You burn the wight.
The wight is moderately damaged.
The wight hits you with a +2 scimitar of freezing.
You feel drained. The wight freezes you.
You completely miss the wight. You bite the wight, but do no damage.
The wight is moderately damaged.
The wight hits you with a +2 scimitar of freezing.
You feel drained. The wight freezes you.
You barely miss the wight.
The wight is moderately damaged.
You block the wight's attack.
Unknown command.
You hit the wight but do no damage. Your bite misses the wight.
The wight is moderately damaged.
The wight hits you but does no damage.
You hit the wight. You burn the wight.
The wight is severely damaged.
The wight hits you with a +2 scimitar of freezing!
The wight freezes you.
The wight hits you with a +2 scimitar of freezing!
* * * LOW HITPOINT WARNING * * *
The wight freezes you.
* * * LOW HITPOINT WARNING * * *
You closely miss the wight.
The wight is severely damaged.
The wight hits you with a +2 scimitar of freezing.
* * * LOW HITPOINT WARNING * * *
The wight freezes you.
You die...

#####.......# #.........#.#
#.........#.# ######
#######.........#.# #....#
######.....#...#.#...#.###÷...###
.........................')......
######....[#...#.#...#####÷...###
...........#.....z...#####....#
######.....#....@....#........#
##.....#.........#........#
#......####.####........###
#...........# ###......#
#........#### #......#####
##........### #####......#
##...#####...# #......# ♣
♣#...##.####.# ####.......
§♣♣#...#.## #.# #..........


You could see a wight.

Vanquished Creatures
  An ice beast (D:3)
  An iron imp (D:3)
  Terence (D:2)
  12 adders
  5 gnolls
  2 river rats (Sewer)
  3 worms (D:3)
  4 dart slugs
  An orc (D:3)
  3 bats (D:1)
  2 endoplasms
  4 giant cockroaches
  5 hobgoblins
  3 jackals (D:3)
  3 kobolds (D:1)
  6 quokkas
  11 ball pythons
  7 frilled lizards
  6 goblins
  14 rats
94 creatures vanquished.

Notes
Turn   | Place    | Note
-------+----------+-------------------------------------------
     0 | D:1      | randomguy2701 the Gnoll Fighter began the quest for the
                  | Orb.
     0 | D:1      | Reached XP level 1. HP: 23/23 MP: 1/1
    59 | D:1      | Reached XP level 2. HP: 20/29 MP: 2/2
   211 | D:1      | Reached XP level 3. HP: 35/35 MP: 3/3
   783 | D:2      | Reached skill level 1 in Invocations
   810 | D:2      | Identified the +3 leather armour of Light {Regen+ Str+5}
  1063 | D:2      | Reached skill level 1 in Short Blades
  1063 | D:2      | Reached skill level 1 in Long Blades
  1063 | D:2      | Reached skill level 1 in Maces & Flails
  1063 | D:2      | Reached skill level 1 in Polearms
  1063 | D:2      | Reached skill level 1 in Staves
  1063 | D:2      | Reached skill level 1 in Ranged Weapons
  1063 | D:2      | Reached skill level 1 in Throwing
  1063 | D:2      | Reached skill level 1 in Dodging
  1063 | D:2      | Reached skill level 1 in Stealth
  1063 | D:2      | Reached skill level 1 in Unarmed Combat
  1063 | D:2      | Reached skill level 1 in Spellcasting
  1063 | D:2      | Reached skill level 1 in Evocations
  1093 | D:2      | Noticed Terence
  1104 | D:2      | Killed Terence
  1105 | D:2      | Reached skill level 1 in Shapeshifting
  1105 | D:2      | Reached XP level 4. HP: 9/37 MP: 5/5
  1180 | D:2      | Reached skill level 1 in Conjurations
  1180 | D:2      | Reached skill level 1 in Hexes
  1180 | D:2      | Reached skill level 1 in Summonings
  1180 | D:2      | Reached skill level 1 in Necromancy
  1180 | D:2      | Reached skill level 1 in Translocations
  1180 | D:2      | Reached skill level 1 in Transmutations
  1180 | D:2      | Reached skill level 1 in Fire Magic
  1180 | D:2      | Reached skill level 1 in Ice Magic
  1180 | D:2      | Reached skill level 1 in Air Magic
  1180 | D:2      | Reached skill level 1 in Earth Magic
  1180 | D:2      | Reached skill level 1 in Poison Magic
  1392 | D:2      | Reached XP level 5. HP: 47/47 MP: 5/7
  1522 | D:3      | Found a snail-covered altar of Cheibriados.
  1566 | D:3      | Found a glowing drain.
  1575 | Sewer    | Entered a sewer
  1710 | Sewer    | Reached XP level 6. HP: 47/53 MP: 8/8
  2093 | D:3      | Noticed a moth of wrath
  2096 | D:3      | Found a bloodstained altar of Trog.
  2122 | D:3      | Identified the +0 rapier "Dragonslayer" {flame, +Blink
                  | Will++}
  2185 | D:3      | Noticed an ice beast
  2197 | D:3      | Killed an ice beast
  2198 | D:3      | Reached skill level 5 in Axes
  2352 | D:3      | Found a broken altar of Ashenzari.
  2356 | D:3      | Saw a vision of the Swamp and the Spider Nest.
  2356 | D:3      | Noticed a tarantella
  2356 | D:3      | Noticed a wolf spider
  2356 | D:3      | Noticed a wolf spider
  2356 | D:3      | Noticed a tarantella
  2356 | D:3      | Noticed a torpor snail
  2356 | D:3      | Noticed a spriggan rider
  2357 | D:3      | Noticed a jumping spider
  2357 | D:3      | Noticed a pharaoh ant
  2357 | D:3      | Noticed a pharaoh ant
  2357 | D:3      | Noticed a bloated husk
  2357 | D:3      | Noticed a tarantella
  2358 | D:3      | Noticed a demonic crawler
  2359 | D:3      | Noticed a tarantella
  2359 | D:3      | Noticed a jumping spider
  2515 | D:3      | Found a white marble altar of Elyvilon.
  2712 | D:3      | HP: 1/46 [wight/+2 scimitar of freezing (5)]
  2712 | D:3      | Slain by a wight

Illustrated notes

Levels and vault maps discovered:
D:1:      minmay_arrival_nine_rooms, layout_basic,
          chequers_serial_rivers_large_a
D:2:      layout_basic, dk_vineyard_3, uniq_terence
D:3:      layout_basic, grunt_ashenzari_visionary
          [grunt_ashenzari_visionary_swamp, grunt_ashenzari_visionary_spider],
          slow_altar_1, tgw_trog, marbit_many_paths, gup_sewer_entry_pipe,
          grunt_ministairs_2, st_stairs_2
D:4:      layout_basic, dancing_weapons_uskayaw

Skill      XL: |  1  2  3  4  5  6 |
---------------+-------------------+-----
Invocations    | 1 2 |  2.4
Short Blades   | 1 2 |  2.2
Long Blades    | 1 2 |  2.2
Maces & Flails | 1 2 |  2.2
Polearms       | 1 2 |  2.2
Staves         | 1 2 |  2.2
Ranged Weapons | 1 2 |  2.2
Throwing       | 1 2 |  2.2
Dodging        | 1 2 |  2.2
Stealth        | 1 2 |  2.2
Unarmed Combat | 1 2 |  2.2
Spellcasting   | 1 2 |  2.2
Evocations     | 1 2 |  2.2
Shapeshifting  | 1 2 |  2.0
Conjurations   | 1 |  1.8
Hexes          | 1 |  1.8
Summonings     | 1 |  1.8
Necromancy     | 1 |  1.8
Translocations | 1 |  1.8
Transmutations | 1 |  1.8
Fire Magic     | 1 |  1.8
Ice Magic      | 1 |  1.8
Air Magic      | 1 |  1.8
Earth Magic    | 1 |  1.8
Poison Magic   | 1 |  1.8
Axes           | 5 |  5.1
Fighting       | |  6.9
Armour         | |  6.9
Shields        | |  6.9

Action                     |  1- 3 |  4- 6 || total
---------------------------+-------+-------++-------
  Melee: War axe           |    79 |   181 ||   260
         Bite              |     4 |    20 ||    24
         Rapier            |       |    12 ||    12
   Stab: Sleeping          |       |     7 ||     7
 Armour: Scale mail        |    33 |       ||    33
         Leather armour    |    10 |   128 ||   138
  Dodge: Dodged            |    26 |    89 ||   115
  Block: Buckler           |    23 |    60 ||    83

Table legend: (Time is in decaauts)
 A = Elapsed time spent in this place.
 B = Non-inter-level travel time spent in this place.
 C = Inter-level travel time spent in this place.
 D = Time resting spent in this place.
 E = Time spent auto-exploring this place.
 F = Levels seen in this place.
 G = Mean time per level.
                   A        B        C        D        E       F      G
               +--------+--------+--------+--------+--------+-----+--------+
         Total |   2852 |   2688 |    164 |      0 |   1958 |   5 |  570.4 |
       Dungeon |   2386 |   2222 |    164 |      0 |   1660 |   4 |  596.5 |
         Sewer |    466 |    466 |      0 |      0 |    297 |   1 |  466.0 |
               +--------+--------+--------+--------+--------+-----+--------+

Top non-repeatable levels by time:
     D:3: 807 daAuts
     D:1: 773 daAuts
     D:2: 772 daAuts
   Sewer: 466 daAuts
     D:4: 33 daAuts
